[Event "Titled Tuesday Blitz October 12 2021"]
[White "King, Alexander"]
[Black "Salinas Herrera, Pablo"]
[WhiteFideId "2063620"]
[BlackFideId "3407128"]
[WhiteElo "2306"]
[BlackElo "2541"]
[Result "0-1"]
[Round "11"]
[TimeControl "180+1"]
[Date "2021.10.12"]
[WhiteClock "0:00:01"]
[BlackClock "0:00:06"]

1. d4 d5 2. c4 c6 3. Nf3 Nf6 4. e3 e6 5. b3 Nbd7 6. Bd3 b6 7. O-O Bb7 8. Bb2 Be7 9. Nc3 O-O 10. e4 dxe4 11. Nxe4 c5 12. Nxf6+ Bxf6 13. Qe2 Bxf3 14. Qxf3 Bxd4 15. Qe2 Bxb2 16. Qxb2 Nf6 17. Rad1 Qc7 18. Rd2 Rad8 19. Rfd1 Rd4 20. Be2 e5 21. Rxd4 exd4 22. Bf3 Re8 23. Qd2 g6 24. g3 Qe5 25. b4 cxb4 26. Qxb4 Rd8 27. Qa4 a5 28. Qc6 Rd6 29. Qc8+ Kg7 30. Rd3 Nd7 31. Bd5 Nc5 32. Rf3 Rxd5 33. cxd5 Qxd5 34. Ra3 d3 35. Qg4 d2 36. Qd1 Qd4 37. Re3 Ne4 38. Rxe4 Qxe4 39. Qxd2 Qe6 40. h4 h5 41. Qc3+ Qf6 42. Qb3 Qd4 43. Kg2 a4 44. Qb5 a3 45. Qb3 Qb2 46. Qd5 b5 47. g4 hxg4 48. h5 b4 49. hxg6 Kxg6 50. Qe4+ f5 51. Qe8+ Kg5 52. Qg8+ Kf4 53. Qb8+ Ke4 54. Qb7+ Kd3 55. Qd5+ Kc2 56. Qxf5+ Kc1 57. Qxg4 Kb1 58. Qe4+ Kxa2 59. Qc4+ b3 60. Kg3 Qg7+ 61. Kf3 Qf6+ 62. Ke4 Qe7+ 0-1


[Site "https://www.chess.com"]

[Event "Titled Tuesday Blitz October 12 2021"]
[White "Koksik_13"]
[Black "Demchenko, Anton"]
[BlackFideId "4160258"]
[WhiteElo "2738"]
[BlackElo "2583"]
[Result "1/2-1/2"]
[Round "11"]
[TimeControl "180+1"]
[Date "2021.10.12"]
[WhiteClock "0:00:32"]
[BlackClock "0:00:13"]

1. e4 e5 2. Nf3 Nc6 3. Nc3 Nf6 4. d4 exd4 5. Nxd4 Bb4 6. Nxc6 bxc6 7. Bd3 O-O 8. O-O Re8 9. Bg5 h6 10. Bh4 g5 11. Bg3 Bxc3 12. bxc3 Nxe4 13. Bxe4 Rxe4 14. f4 d6 15. Qh5 Bf5 16. fxg5 Bg6 17. Qxh6 Qf8 18. Qxf8+ Rxf8 19. Rae1 Rfe8 20. Rxe4 Rxe4 21. Re1 Rxe1+ 22. Bxe1 Bxc2 23. h4 Bd1 24. Kf2 Kh7 25. Ke3 Kg6 26. Kf4 Bc2 27. g4 Bb1 28. a3 Ba2 29. h5+ Kg7 30. Bf2 c5 31. Kf5 Be6+ 32. Kf4 Kh7 33. Be3 a6 34. Bf2 Kg7 35. Be3 Kh7 36. Bg1 Kg7 37. Kg3 Kh7 38. Be3 Kg7 39. Bc1 Kh7 40. Kf4 Kg7 41. Bb2 Kh7 42. Ba1 Bd7 43. Bb2 Be6 44. Bc1 Kg7 45. Bd2 Kh7 46. Be1 Kg7 47. Bd2 Kh7 48. Kf3 Bd5+ 49. Kg3 Be6 50. Bc1 Kg8 51. Bb2 Kh7 52. Ba1 Kg8 53. Kh3 Kh7 54. Kh4 Bd7 55. c4 Be6 56. Bf6 Bxc4 57. Bd8 d5 58. Be7 d4 59. Bxc5 d3 60. Bb4 c5 61. Bc3 Be6 62. Kg3 c4 63. Kf4 Bd7 64. Kg3 Bc8 65. Kf3 Bd7 66. Kf4 Bc8 67. a4 Bd7 68. a5 Bc8 69. h6 Kg6 70. Bd2 Bd7 71. Bc3 Be6 72. Kf3 Bc8 73. Bd2 Bd7 74. Be1 Be6 75. Bc3 Bd7 76. Bd2 Bc8 77. Ke4 Bxg4 78. Kd5 Bd7 79. Kxc4 Bb5+ 80. Kd4 Kh7 81. Ke5 Kg6 82. Kd6 Bc4 83. Ke7 Kh7 84. Kf6 Bb3 85. Ke5 Ba2 86. Kd4 Kg6 87. Kxd3 Bd5 88. Kd4 Bc6 89. Kc5 Bb5 90. Kd6 Bc4 91. Ke7 Kh7 92. Kf6 Bb3 93. Bc3 Bc4 94. Bd4 Bb3 95. Ke7 Ba2 96. Kf8 Bb3 97. Bf6 Bc4 98. Ke8 Bb3 99. Kd7 Bc4 100. Kc6 Kg6 101. Kc5 Bb3 102. Kd4 Ba2 103. Be7 Bb3 104. Ke5 Bc4 105. Kd6 Bb3 106. Kd7 Kh7 107. Ke8 Bc4 108. Bc5 Bb3 109. Ke7 Ba2 110. Kf6 Bb3 111. Ke5 Ba2 112. Be3 Bb3 113. Kd4 Ba2 114. Kc3 Be6 115. Kb4 Kg6 116. Kc5 Ba2 117. Bd4 Kh7 118. Bc3 Kg6 119. Bb2 Kh7 120. Bf6 Kg6 121. Be7 Kh7 122. Kb6 Bc4 123. Kc6 Kg6 124. Kc5 Ba2 125. Bd8 Kh7 126. Kd6 Kg6 127. Bb6 Kh7 128. Ke7 Bb3 129. Kf8 Bc4 130. Bd4 Bb3 131. Ke7 Bc4 132. Kd7 Bb3 133. Kc6 Bc4 134. Kc5 Ba2 135. Kb6 Bc4 136. Bf6 Kg6 137. Kc7 1/2-1/2


[Site "https://www.chess.com"]

[Event "Titled Tuesday Blitz October 12 2021"]
[White "Kovalev, Vladislav"]
[Black "Aldokhin, Ivan"]
[WhiteFideId "13504398"]
[BlackFideId "24115720"]
[WhiteElo "2573"]
[BlackElo "2231"]
[Result "1-0"]
[Round "11"]
[TimeControl "180+1"]
[Date "2021.10.12"]
[WhiteClock "0:00:17"]
[BlackClock "0:00:08"]

1. e4 c5 2. Be2 Nc6 3. d3 Nf6 4. f4 d6 5. Nf3 g6 6. O-O Bg7 7. Kh1 O-O 8. Qe1 c4 9. Nc3 cxd3 10. cxd3 Bd7 11. Qh4 Qa5 12. Bd2 Qh5 13. Qg3 Bg4 14. h3 Bxf3 15. Bxf3 Qa5 16. Qf2 Nb4 17. Be2 Nc6 18. Rac1 Rfe8 19. f5 Rac8 20. g4 Rf8 21. g5 Nd7 22. f6 exf6 23. Bg4 Nce5 24. Bxd7 Rcd8 25. gxf6 Bxf6 26. Nd5 Qa6 27. Nxf6+ Kg7 28. Qh4 h5 29. Nxh5+ 1-0


[Site "https://www.chess.com"]

[Event "Titled Tuesday Blitz October 12 2021"]
[White "Kozak, Adam"]
[Black "Mikhalevski, Victor"]
[WhiteFideId "753246"]
[BlackFideId "2801914"]
[WhiteElo "2448"]
[BlackElo "2577"]
[Result "1-0"]
[Round "11"]
[TimeControl "180+1"]
[Date "2021.10.12"]
[WhiteClock "0:01:19"]
[BlackClock "0:00:50"]

1. e4 e5 2. Nf3 Nc6 3. d4 exd4 4. Nxd4 Nf6 5. Nc3 Bb4 6. Nxc6 bxc6 7. Bd3 O-O 8. O-O d5 9. Bd2 Rb8 10. h3 Re8 11. Re1 h6 12. a3 Bd6 13. b4 Be5 14. Rb1 Bxc3 15. Bxc3 dxe4 16. Bxf6 Qxf6 17. Bxe4 Bf5 18. Bf3 Rxe1+ 19. Qxe1 Bxc2 20. Rc1 Ba4 21. Qe3 a6 22. Qa7 Re8 23. Qxa6 Qb2 24. Qc4 Qxa3 25. Bxc6 Bxc6 26. Qxc6 Re6 27. Qc4 Re4 28. Qxc7 Qxb4 29. Rc2 Re1+ 30. Kh2 Qb1 31. Qc8+ Kh7 32. Qf5+ 1-0


[Site "https://www.chess.com"]

[Event "Titled Tuesday Blitz October 12 2021"]
[White "Krivonosov, Oleg"]
[Black "Maksimenko, Viktor"]
[WhiteFideId "11600349"]
[BlackFideId "13710478"]
[WhiteElo "2469"]
[BlackElo "2269"]
[Result "1-0"]
[Round "11"]
[TimeControl "180+1"]
[Date "2021.10.12"]
[WhiteClock "0:00:14"]
[BlackClock "0:00:06"]

1. Nf3 d5 2. d4 Nf6 3. c4 e6 4. g3 Be7 5. Bg2 O-O 6. O-O dxc4 7. Qa4 a6 8. Qxc4 b5 9. Qc2 Bb7 10. Bg5 Nbd7 11. Bxf6 Nxf6 12. Nbd2 Rc8 13. Nb3 Be4 14. Qc3 Nd5 15. Qd2 Bb4 16. Qg5 f6 17. Qc1 Nb6 18. Nc5 Bxc5 19. Qxc5 Qd5 20. Qxd5 Bxd5 21. Rfc1 Na4 22. b3 Nb6 23. e3 Nd7 24. Ne1 Bxg2 25. Nxg2 c5 26. Nf4 Kf7 27. d5 e5 28. Ne6 Rfe8 29. e4 g6 30. Rc2 Ke7 31. a4 b4 32. f4 Kd6 33. Kg2 f5 34. exf5 gxf5 35. Rd1 e4 36. Ng5 h6 37. Nf7+ Ke7 38. Ne5 Kd6 39. Nc4+ Kc7 40. Ne3 Rf8 41. d6+ Kc6 42. Rd5 Rce8 43. Rcd2 Nf6 44. Re5 Ng4 45. Nxg4 fxg4 46. d7 Rd8 47. Re6+ Kc7 48. Rxa6 e3 49. Re2 Rxd7 50. Ra7+ Kc6 51. Rxd7 Kxd7 52. Rxe3 Kd6 53. Kf2 h5 54. Ke2 Kd5 55. Kd3 Kc6 56. Re5 Rd8+ 57. Kc2 Rd4 58. f5 Rd7 59. f6 Rd6 60. Rf5 Rd8 61. f7 Rf8 62. Kd3 Rd8+ 63. Ke3 Rf8 64. Ke4 Kd6 65. Rf2 Ke6 66. Kd3 Kd5 67. Rf5+ Ke6 68. Rf1 Kd5 69. a5 Kc6 70. Kc4 Rd8 71. Rf6+ Rd6 72. Rxd6+ 1-0


[Site "https://www.chess.com"]

[Event "Titled Tuesday Blitz October 12 2021"]
[White "Le, Tuan Minh"]
[Black "Djordjevic, Vuk"]
[WhiteFideId "12401153"]
[BlackFideId "902098"]
[WhiteElo "2450"]
[BlackElo "2463"]
[Result "1-0"]
[Round "11"]
[TimeControl "180+1"]
[Date "2021.10.12"]
[WhiteClock "0:01:58"]
[BlackClock "0:00:05"]

1. d4 Nf6 2. Nf3 e6 3. Bf4 d5 4. e3 Bd6 5. Bg3 O-O 6. c4 b6 7. Nc3 Ba6 8. Qa4 Bxg3 9. hxg3 c6 10. Qc2 Bxc4 11. Bxc4 dxc4 12. g4 g6 13. g5 Nd5 14. Ne4 b5 15. Ke2 Nd7 16. Rh3 f5 17. gxf6 N7xf6 18. Neg5 Qe8 19. Rah1 h5 20. Ne5 Ne7 21. g4 Kg7 22. Nxe6+ Kg8 23. gxh5 g5 24. Rg3 Nh7 25. Nxg5 Nxg5 26. Rxg5+ Kh8 27. Ng6+ Nxg6 28. hxg6+ Kg8 29. g7 1-0


[Site "https://www.chess.com"]

[Event "Titled Tuesday Blitz October 12 2021"]
[White "Martin Carmona, Gaston Manuel"]
[Black "Solon, Nathan"]
[WhiteFideId "22284567"]
[BlackFideId "2017229"]
[WhiteElo "2161"]
[BlackElo "2676"]
[Result "1-0"]
[Round "11"]
[TimeControl "180+1"]
[Date "2021.10.12"]
[WhiteClock "0:00:58"]
[BlackClock "0:00:40"]

1. d4 Nf6 2. Nf3 d5 3. g3 c6 4. Bg2 Bf5 5. c4 e6 6. Qb3 Qb6 7. c5 Qc7 8. Bf4 Qc8 9. Nc3 h6 10. O-O Nbd7 11. Qd1 Be7 12. b4 O-O 13. Ne5 Nxe5 14. dxe5 Nd7 15. e4 Bg6 16. exd5 cxd5 17. Rc1 a5 18. a3 axb4 19. axb4 Nb8 20. Nb5 Nc6 21. Qd2 Ra4 22. Nd6 Qd7 23. b5 Na5 24. Bh3 Ra8 25. Qxd5 Ra3 26. c6 bxc6 27. bxc6 Qa7 28. Qd1 Ra2 29. c7 Bxd6 30. c8=Q+ Rxc8 31. Rxc8+ Kh7 32. exd6 1-0


[Site "https://www.chess.com"]

[Event "Titled Tuesday Blitz October 12 2021"]
[White "Matamoros Franco, Carlos S."]
[Black "Tristan, Leonardo"]
[WhiteFideId "3600017"]
[BlackFideId "113816"]
[WhiteElo "2554"]
[BlackElo "2404"]
[Result "0-1"]
[Round "11"]
[TimeControl "180+1"]
[Date "2021.10.12"]
[WhiteClock "0:00:12"]
[BlackClock "0:00:55"]

1. Nf3 d5 2. g3 Nd7 3. Bg2 e5 4. O-O Ngf6 5. c4 e4 6. Ne1 dxc4 7. Nc3 Nb6 8. Nxe4 Nxe4 9. Bxe4 Bh3 10. Bxb7 Bxf1 11. Kxf1 Rb8 12. Bc6+ Nd7 13. Qa4 Bd6 14. Nf3 Rb4 15. Qxa7 O-O 16. Bxd7 Qxd7 17. a3 Rb3 18. Kg2 Re8 19. Qd4 Qc6 20. d3 cxd3 21. exd3 Bc5 22. Qc4 Re2 23. Qxb3 Rxf2+ 24. Kh3 Qxf3 25. Bf4 Qh5# 0-1


[Site "https://www.chess.com"]

[Event "Titled Tuesday Blitz October 12 2021"]
[White "Mirzoev, Azer"]
[Black "Perez Gormaz, Matias"]
[WhiteFideId "13400304"]
[BlackFideId "3406342"]
[WhiteElo "2525"]
[BlackElo "2352"]
[Result "1-0"]
[Round "11"]
[TimeControl "180+1"]
[Date "2021.10.12"]
[WhiteClock "0:00:17"]
[BlackClock "0:00:04"]

1. d4 d5 2. Nf3 e6 3. Bf4 Nf6 4. e3 c5 5. c3 Nc6 6. Nbd2 cxd4 7. exd4 Nh5 8. Be3 Bd6 9. g3 O-O 10. Bg2 f5 11. Ne5 Nf6 12. Nd3 Bd7 13. O-O Ne4 14. Re1 g5 15. f3 Nxd2 16. Qxd2 h6 17. Bf2 Qf6 18. Rac1 Rae8 19. b3 f4 20. gxf4 gxf4 21. Kh1 Kh8 22. Bh3 Bc8 23. Rg1 Rg8 24. Rce1 Rxg1+ 25. Rxg1 Rg8 26. Rxg8+ Kxg8 27. Qc1 Kf8 28. Qg1 Qg5 29. Qg4 Qxg4 30. Bxg4 Ne7 31. Be1 Ng6 32. Bd2 Kg7 33. Bh5 b6 34. Kg2 Ba6 35. Nb4 Bc8 36. Kf2 a5 37. Nc2 Ba6 38. Ne1 Ne7 39. Ng2 Ng6 40. Bxg6 Kxg6 41. Bxf4 Be7 42. Bc7 b5 43. Bxa5 Kf5 44. Bb4 Bf6 45. Ne3+ Kg6 46. Ng4 Bg5 47. Ne5+ Kf5 48. Nd3 Bc8 49. Bd6 Bd7 50. Nc5 Be8 51. Nd3 Bd2 52. Bb4 Bg5 53. Nc5 Bh4+ 54. Ke2 Bg5 55. a4 bxa4 56. bxa4 Bf4 57. a5 Bxh2 58. a6 Bb8 59. Ke3 h5 60. Ba5 Ba7 61. Bc7 Bb5 62. Bd6 Bxc5 63. dxc5 Bxa6 64. c6 Bc8 65. Kd4 h4 66. c7 h3 67. Bh2 Kf6 68. Kc5 Ke7 69. Kc6 Ke8 70. Kd6 Bb7 71. Kxe6 Bc8+ 72. Kd6 Bb7 73. Ke6 Bc8+ 74. Kxd5 Kd7 75. Kd4 Bb7 76. Ke3 Bc6 77. Kf2 Bb7 78. Kg3 Kxc7 79. Kxh3+ Kb6 80. Kg4 Kc5 81. Be5 Kd5 82. f4 Bc8+ 83. Kg5 Ke4 84. Kf6 Bd7 85. Kg5 Bc8 86. Bd6 Be6 87. Bb4 Bd7 88. c4 Kd4 89. c5 Kc4 90. Ba3 Kb3 91. Bc1 Kc4 92. Be3 Kd3 93. Bg1 Ke4 94. Bh2 Kd5 95. Bg1 Ke4 96. Bf2 Kd5 97. f5 Be8 98. f6 Bf7 99. Kh6 Ke6 100. Kg7 Be8 101. Bg3 Bh5 102. c6 Be8 103. c7 Kd7 104. f7 Bxf7 105. Kxf7 Kc8 106. Kf6 Kd7 107. Kg5 Kc8 108. Kg4 Kd7 109. Kf3 Kc8 110. Ke4 Kd7 111. Kd5 Kc8 112. Kc5 Kb7 113. Kd6 Kc8 114. Bh2 Kb7 115. Kd7 Ka6 116. c8=Q+ Ka5 117. Qb7 1-0


[Site "https://www.chess.com"]

[Event "Titled Tuesday Blitz October 12 2021"]
[White "Nakamura, Hikaru"]
[Black "Deac, Bogdan-Daniel"]
[WhiteFideId "2016192"]
[BlackFideId "1226380"]
[WhiteElo "2884"]
[BlackElo "2605"]
[Result "1-0"]
[Round "11"]
[TimeControl "180+1"]
[Date "2021.10.12"]
[WhiteClock "0:01:34"]
[BlackClock "0:00:01"]

1. d4 Nf6 2. c4 g6 3. Nf3 Bg7 4. e3 c5 5. d5 e6 6. Nc3 exd5 7. cxd5 O-O 8. Be2 d6 9. O-O Na6 10. e4 Rb8 11. Re1 Re8 12. Bf1 Nc7 13. a4 a6 14. a5 Nb5 15. Nd2 Bd7 16. h3 Qc7 17. Bd3 Nh5 18. Ne2 Nf6 19. Qc2 Re7 20. Nc4 Rbe8 21. f3 h6 22. Bf4 g5 23. Bh2 Nh7 24. e5 Nf8 25. exd6 1-0


[Site "https://www.chess.com"]

[Event "Titled Tuesday Blitz October 12 2021"]
[White "Nogerbek, Kazybek"]
[Black "Bortnyk, Olexandr"]
[WhiteFideId "13710427"]
[BlackFideId "14120828"]
[WhiteElo "2436"]
[BlackElo "2723"]
[Result "1/2-1/2"]
[Round "11"]
[TimeControl "180+1"]
[Date "2021.10.12"]
[WhiteClock "0:00:07"]
[BlackClock "0:00:08"]

1. d4 Nf6 2. c4 d6 3. Nc3 Nbd7 4. e4 e5 5. Nge2 c6 6. g3 g6 7. Bg2 Bg7 8. O-O O-O 9. h3 a6 10. Be3 b5 11. c5 exd4 12. Nxd4 Bb7 13. cxd6 b4 14. Na4 c5 15. Nb3 Nxe4 16. Qc2 Nxd6 17. Rad1 Bxg2 18. Kxg2 Qc7 19. Bf4 Qc6+ 20. Kg1 Nb7 21. Nd2 Rad8 22. Nc4 h6 23. Rfe1 g5 24. Be3 f5 25. f4 g4 26. hxg4 fxg4 27. Qg2 Qxg2+ 28. Kxg2 h5 29. Rd5 Nf6 30. Rg5 Ne4 31. Rxh5 Rd3 32. Ne5 Bxe5 33. Rxe5 Nf6 34. Nxc5 Nxc5 35. Rxc5 Re8 36. Bf2 Rxe1 37. Bxe1 Re3 38. Kf1 Kf7 39. Ra5 Rf3+ 40. Ke2 Ne4 41. Rxa6 Nxg3+ 42. Bxg3 Rxg3 43. Rb6 Rg2+ 44. Ke3 Rxb2 45. Rb7+ Ke6 46. Rb6+ Kf5 47. Rb5+ Kg6 48. Rg5+ Kf6 49. Rxg4 Rxa2 50. Kd3 b3 51. Kc3 b2 52. Kc2 Kf5 53. Rg5+ Kxf4 54. Rb5 b1=Q+ 55. Kxb1 Ra7 56. Rb2 Ke3 57. Ra2 Rb7+ 58. Rb2 Rxb2+ 59. Kxb2 1/2-1/2


[Site "https://www.chess.com"]

[Event "Titled Tuesday Blitz October 12 2021"]
[White "Ovchinnikov, Vsevolod"]
[Black "Moskalenko, Alexander"]
[WhiteFideId "24176842"]
[BlackFideId "4155351"]
[WhiteElo "2376"]
[BlackElo "2515"]
[Result "1/2-1/2"]
[Round "11"]
[TimeControl "180+1"]
[Date "2021.10.12"]
[WhiteClock "0:00:02"]
[BlackClock "0:01:05"]

1. d4 e6 2. c4 Nf6 3. g3 d5 4. Bg2 dxc4 5. Nf3 Bd7 6. Ne5 Bc6 7. Nxc6 Nxc6 8. e3 Qd7 9. O-O O-O-O 10. Qa4 Nd5 11. Qxc4 f5 12. Nc3 h5 13. Rb1 h4 14. b4 hxg3 15. hxg3 Bxb4 16. Nxd5 exd5 17. Qb5 a6 18. Qa4 g5 19. Rxb4 Nxb4 20. Qxb4 Rh6 21. Bd2 Rdh8 22. Qc5 c6 23. Qa7 Qh7 24. f3 Rh2 25. Qa8+ Kc7 26. Ba5+ Kd6 27. Qxh8 Qxh8 28. Bb4+ Ke6 29. a4 g4 30. a5 Rxg2+ 31. Kxg2 Qh3+ 32. Kg1 Qh2+ 33. Kxh2 1/2-1/2


[Site "https://www.chess.com"]

[Event "Titled Tuesday Blitz October 12 2021"]
[White "Perez Ponsa, Federico"]
[Black "Lazavik, Denis"]
[WhiteFideId "117927"]
[BlackFideId "13515110"]
[WhiteElo "2672"]
[BlackElo "2436"]
[Result "0-1"]
[Round "11"]
[TimeControl "180+1"]
[Date "2021.10.12"]
[WhiteClock "0:00:14"]
[BlackClock "0:00:14"]

1. e4 e5 2. Nf3 Nc6 3. Nc3 Nf6 4. d4 exd4 5. Nxd4 Bb4 6. Nxc6 bxc6 7. Bd3 O-O 8. O-O d5 9. Bd2 Rb8 10. Re1 Bg4 11. Qc1 Re8 12. exd5 Rxe1+ 13. Qxe1 cxd5 14. a3 Bc5 15. b4 Bd4 16. Rb1 Qd7 17. Nb5 Rxb5 18. Bxb5 Qxb5 19. Be3 Bb6 20. Bxb6 axb6 21. Qe7 Qd7 22. Qe5 h6 23. h3 Bf5 24. Ra1 b5 25. c3 Bc2 26. Re1 c6 27. f3 Qa7+ 28. Qe3 Qxa3 29. g4 Bg6 30. h4 h5 31. g5 Nd7 32. Kf2 Nf8 33. Kg3 Ne6 34. Qe5 d4 35. cxd4 Qxb4 36. Rd1 Qb3 37. Rd2 Qd5 38. Qxd5 cxd5 39. Kf2 b4 40. Rb2 Nxd4 41. Rxb4 Nf5 42. Rb5 d4 43. Rd5 Kf8 44. Ke2 Ke7 45. Kd3 Nxh4+ 46. Kxd4 Nxf3+ 47. Ke3 Nh4 48. Ra5 Nf5+ 49. Kf4 Nd6 50. Ra7+ Ke6 51. Ra6 Bf5 52. Ra5 g6 53. Re5+ Kd7 54. Re1 Ne8 55. Ke5 Ke7 56. Ra1 Ng7 57. Ra7+ Bd7 58. Ra5 h4 59. Kf4 Nh5+ 60. Kf3 h3 61. Ra1 Bc6+ 62. Kg4 h2 63. Re1+ Kf8 64. Re2 Bf3+ 0-1


[Site "https://www.chess.com"]

[Event "Titled Tuesday Blitz October 12 2021"]
[White "Piesik, Piotr"]
[Black "Svane, Frederik"]
[WhiteFideId "1136194"]
[BlackFideId "12923044"]
[WhiteElo "2336"]
[BlackElo "2459"]
[Result "0-1"]
[Round "11"]
[TimeControl "180+1"]
[Date "2021.10.12"]
[WhiteClock "0:01:33"]
[BlackClock "0:00:05"]

1. Nf3 c5 2. g3 Nc6 3. Bg2 g6 4. O-O Bg7 5. c3 e5 6. e4 Nge7 7. Na3 O-O 8. d4 exd4 9. cxd4 cxd4 10. Bf4 d5 11. e5 Bg4 12. Re1 Qb6 13. b3 h6 14. h4 Rfe8 15. Qd2 Kh7 16. Nc2 Bxf3 17. Bxf3 Nf5 18. Bxd5 Nxe5 19. Bxe5 Rxe5 20. Rxe5 Bxe5 21. Re1 Bxg3 22. fxg3 d3+ 23. Ne3 Re8 24. Kf2 Qd4 25. Bf3 h5 26. Bxb7 Re6 27. Bc8 Nd6 28. Kg2 Nxc8 29. Nc4 Rxe1 30. Qxe1 Nd6 31. Qe7 Qd5+ 32. Kf2 d2 33. Nxd6 d1=Q 0-1


[Site "https://www.chess.com"]

[Event "Titled Tuesday Blitz October 12 2021"]
[White "Rasulov, Vugar"]
[Black "Nagy, Gabor"]
[WhiteFideId "13402390"]
[BlackFideId "737119"]
[WhiteElo "2560"]
[BlackElo "2534"]
[Result "1-0"]
[Round "11"]
[TimeControl "180+1"]
[Date "2021.10.12"]
[WhiteClock "0:01:21"]
[BlackClock "0:00:58"]

1. d4 Nf6 2. c4 b6 3. Nf3 Bb7 4. Nc3 Ne4 5. Nxe4 Bxe4 6. d5 c5 7. Ng5 Bg6 8. h4 h6 9. Nf3 d6 10. h5 Bh7 11. Nd2 Nd7 12. e4 e5 13. f3 Be7 14. Bd3 Bh4+ 15. Ke2 Be7 16. g4 O-O 17. Nb1 Bg5 18. Nc3 Re8 19. Bxg5 hxg5 20. Qd2 a6 21. a4 Nf8 22. Kf2 Qf6 23. Kg2 a5 24. Ra3 Rab8 25. Rb3 Nd7 26. Ne2 Kf8 27. Ng1 Ke7 28. Nh3 Kd8 29. Qxg5 Kc7 30. Qxf6 gxf6 31. Nf2 Rg8 32. Kf1 Rbd8 33. Nd1 Nb8 34. Nc3 Na6 35. Nb5+ Kb7 36. Kf2 Nb4 37. Bb1 Kc8 38. Re3 Rg5 39. Ree1 Kd7 40. Reg1 Rdg8 41. Na3 R8g7 42. Rd1 Rg8 43. Nc2 f5 44. exf5 Bxf5 45. Nxb4 Bxb1 46. Rxb1 axb4 47. h6 f5 48. Rbg1 f4 49. a5 bxa5 50. Ra1 e4 51. h7 Rh8 52. Rxa5 Kc7 53. Ra7+ Kb6 54. Rd7 Rg6 55. fxe4 Rxg4 56. Rxd6+ Kc7 57. Rc6+ Kb7 58. Kf3 Rg3+ 59. Kxf4 Rg2 60. Rxc5 Rxb2 61. Ke5 b3 62. Rb5+ Kc7 63. c5 Rb1 64. Rxb1 1-0


[Site "https://www.chess.com"]

[Event "Titled Tuesday Blitz October 12 2021"]
[White "Samsonkin, Artiom"]
[Black "Holt, Conrad"]
[WhiteFideId "13503111"]
[BlackFideId "2034387"]
[WhiteElo "2513"]
[BlackElo "2586"]
[Result "1-0"]
[Round "11"]
[TimeControl "180+1"]
[Date "2021.10.12"]
[WhiteClock "0:00:10"]
[BlackClock "0:00:12"]

1. e4 e6 2. d4 d5 3. Nc3 Nf6 4. e5 Nfd7 5. f4 c5 6. Nf3 Nc6 7. Be3 cxd4 8. Nxd4 Bc5 9. Qd2 O-O 10. Be2 Qe7 11. O-O f6 12. exf6 Nxf6 13. Rad1 Bd7 14. Kh1 Bb4 15. Bd3 e5 16. Nxc6 bxc6 17. fxe5 Ng4 18. Bf4 d4 19. Bc4+ Kh8 20. Qxd4 Rad8 21. Ne4 Bf5 22. Nd6 Bg6 23. h3 c5 24. Qd5 Nh6 25. a3 Ba5 26. Bxh6 gxh6 27. Rxf8+ Rxf8 28. Qxc5 Bb6 29. Qd5 Qg5 30. e6 Qf6 31. Nf7+ Kg7 32. Qd7 Bxf7 33. exf7 Qf4 34. Qg4+ Qxg4 35. hxg4 Kf6 36. g3 Kg5 37. Re1 Kxg4 38. Re8 Bc5 39. b4 Bd6 40. Kg2 Kf5 41. Bb3 Kf6 42. Rxf8 Bxf8 43. Bd5 Ke5 44. c4 Kd4 45. Kf3 Kc3 46. c5 Kd4 47. c6 Kxd5 48. c7 Ke6 49. c8=Q+ Kxf7 50. Qd7+ Be7 51. Qxa7 h5 52. Qd7 h4 53. Qf5+ Kg7 54. gxh4 h5 55. b5 Bxa3 56. b6 Bd6 57. b7 Bb8 58. Qg5+ Kf7 59. Qxh5+ Kf6 60. Qh8+ Ke6 61. Qxb8 Kd5 62. Qc8 Kd4 63. h5 Kd3 64. h6 Kd2 65. h7 Kd1 66. b8=Q Ke1 67. h8=Q Kf1 68. Qh1# 1-0


[Site "https://www.chess.com"]

[Event "Titled Tuesday Blitz October 12 2021"]
[White "Shipov, Sergei"]
[Black "Rozman, Levy"]
[WhiteFideId "4113624"]
[BlackFideId "2039877"]
[WhiteElo "2829"]
[BlackElo "2376"]
[Result "0-1"]
[Round "11"]
[TimeControl "180+1"]
[Date "2021.10.12"]
[WhiteClock "0:00:02"]
[BlackClock "0:00:29"]

1. d4 Nf6 2. c4 e6 3. Nc3 Bb4 4. Qc2 d5 5. a3 Bxc3+ 6. Qxc3 c5 7. dxc5 d4 8. Qc2 a5 9. e3 Nc6 10. Nf3 e5 11. exd4 e4 12. d5 exf3 13. dxc6 O-O 14. gxf3 Re8+ 15. Be3 bxc6 16. Rd1 Qe7 17. Rd6 Qe5 18. Qc3 Qxc5 19. Rxf6 gxf6 20. Rg1+ Kf8 21. Be2 Qe5 22. Qd2 Bf5 23. Bh6+ Ke7 24. Bf4 Qc5 25. Be3 Qd6 26. Qc3 Kd7 0-1


[Site "https://www.chess.com"]

[Event "Titled Tuesday Blitz October 12 2021"]
[White "Tanenbaum, Zachary"]
[Black "Karpeshov, Oleg"]
[WhiteFideId "2060850"]
[BlackFideId "4106814"]
[WhiteElo "2165"]
[BlackElo "2354"]
[Result "0-1"]
[Round "11"]
[TimeControl "180+1"]
[Date "2021.10.12"]
[WhiteClock "0:00:03"]
[BlackClock "0:00:31"]

1. e4 e6 2. d4 d5 3. Nc3 Bb4 4. exd5 exd5 5. Bd3 Nc6 6. a3 Bxc3+ 7. bxc3 Nge7 8. Nf3 Bg4 9. O-O Qd7 10. Rb1 b6 11. Re1 O-O 12. Bf4 Ng6 13. Bg3 a6 14. h3 Bh5 15. Ne5 Ncxe5 16. Qxh5 Nxd3 17. cxd3 Rac8 18. Re2 Rfe8 19. Rbe1 Rxe2 20. Rxe2 f6 21. Qf3 Ne7 22. h4 Nf5 23. Qg4 g6 24. h5 Kf7 25. Qh3 g5 26. h6 Kg6 27. f4 Re8 28. Rf2 Re3 29. fxg5 Rxg3 30. Qh2 Rxg5 31. Qf4 Qe6 32. Kh2 Rh5+ 33. Kg1 Qe1+ 34. Rf1 Qe3+ 35. Rf2 Qxf4 36. Rxf4 Nxh6 37. Rf3 Ng4 38. c4 Kf7 39. Rf1 dxc4 40. dxc4 b5 41. Rc1 c6 42. cxb5 cxb5 43. Rc7+ Kg6 44. Ra7 Rd5 45. Rxa6 Rxd4 46. g3 Ra4 47. Rb6 Rxa3 48. Rxb5 Rxg3+ 49. Kh1 h5 50. Rg5+ Kf7 51. Rg7+ Ke6 52. Re7+ Kf5 53. Re2 Ne5 54. Rf2+ Rf3 55. Rg2 Rf4 56. Rg3 Rh4+ 57. Kg2 Rg4 58. Kh3 Rxg3+ 59. Kh4 Rf3 60. Kxh5 Rh3# 0-1


[Site "https://www.chess.com"]

[Event "Titled Tuesday Blitz October 12 2021"]
[White "Terry, Renato"]
[Black "Maly, Alexey"]
[WhiteFideId "3803457"]
[BlackFideId "14103184"]
[WhiteElo "2577"]
[BlackElo "2294"]
[Result "1-0"]
[Round "11"]
[TimeControl "180+1"]
[Date "2021.10.12"]
[WhiteClock "0:00:16"]
[BlackClock "0:00:49"]

1. e4 c6 2. Nf3 d5 3. exd5 cxd5 4. Ne5 Nc6 5. d4 Nf6 6. c3 g6 7. Bd3 Bg7 8. O-O O-O 9. Qe2 Bf5 10. Bxf5 gxf5 11. Nd3 e6 12. Bf4 Qe7 13. Nd2 Ne4 14. Rae1 Kh8 15. f3 Nxd2 16. Qxd2 Bf6 17. Kh1 Rg8 18. Rg1 Rg7 19. g4 fxg4 20. fxg4 Rag8 21. h3 Bg5 22. Ref1 Bxf4 23. Nxf4 Qh4 24. Qh2 Rg5 25. Ng2 Qh6 26. Rxf7 e5 27. Ne3 Qg6 28. Rf5 exd4 29. cxd4 h5 30. Qf4 hxg4 31. Rxg4 Rxg4 32. Nxg4 Qh7 33. Kh2 Qh4 34. Rf6 Kg7 35. Qf5 Ne7 36. Rf7+ Kh8 37. Qe5+ Rg7 38. Qxg7# 1-0


[Site "https://www.chess.com"]

[Event "Titled Tuesday Blitz October 12 2021"]
[White "Timmermans, Mark"]
[Black "Sydoryka, Vladyslav"]
[WhiteFideId "1026399"]
[BlackFideId "14145928"]
[WhiteElo "2460"]
[BlackElo "2282"]
[Result "1-0"]
[Round "11"]
[TimeControl "180+1"]
[Date "2021.10.12"]
[WhiteClock "0:00:34"]
[BlackClock "0:00:07"]

1. b4 d5 2. Bb2 Bg4 3. Nf3 Nd7 4. b5 Ngf6 5. a4 a6 6. c4 dxc4 7. e3 axb5 8. axb5 Rxa1 9. Bxa1 Nb6 10. Bd4 Qd5 11. Nc3 Qh5 12. Be2 e6 13. h3 Bd6 14. Bxb6 cxb6 15. Qa4 O-O 16. Qxc4 e5 17. O-O Be6 18. Qa4 Qg6 19. Kh1 e4 20. Nd4 Bd7 21. f4 exf3 22. Rxf3 Nh5 23. Kg1 Ng3 24. Kf2 h5 25. Qc2 f5 26. Nd5 Ne4+ 27. Kf1 Rc8 28. Qb2 Bc5 29. Nf4 Qd6 30. Bc4+ Kh7 31. Nde6 Bxe6 32. Bxe6 Ba3 33. Bxf5+ Kh6 34. Qd4 Nxd2+ 35. Ke2 Qxd4 36. exd4 Nxf3 37. Kxf3 Rc3+ 38. Ke4 Rb3 39. Bd7 Be7 40. Nd5 Bd8 41. Ne3 Rb2 42. g4 hxg4 43. hxg4 Kg5 44. Nd5 Re2+ 45. Kd3 Rb2 46. Nc3 Rg2 47. Bc8 Rb2 48. Ne4+ Kf4 49. Nd6 Rb3+ 50. Kc4 Rb1 51. Kd5 g6 52. Nxb7 Rxb5+ 53. Kc6 Rb1 54. Nxd8 Rd1 55. Kxb6 Kg5 56. Kc5 Kf4 57. Bd7 Ke4 58. Nc6 Kf4 59. d5 g5 60. Bf5 Ke3 61. d6 Kf4 62. d7 Rd2 63. Ne7 Ke5 64. Kc6 Rd6+ 65. Kc7 Rd3 66. d8=Q Rxd8 67. Kxd8 Kf6 68. Nc6 Kg7 69. Ke7 Kh6 70. Be4 Kg7 71. Ke6 Kh6 72. Kf5 Kg7 73. Kxg5 1-0


[Site "https://www.chess.com"]